Map: Nightshade LE

Players

StarGirL - Winner!

  • Race: Zerg Zerg
  • League: Master
  • Spawn Location: 5:00

VOD

Have the link to the VOD?

Description

Notes: build 4 lings after your pool finishes to get your third down on time. Once they finish, rally them to the third with a drone to take it at 30 supply. You can use 1 ling to go around and dodge their first adept to scout or you can leave them at home.
You need to know what tech they have roughly by 3:30. You can do this by saccing an ovie, running a ling in, or try to guess based off the gateway units. Most of the time adept into stalker is twilight/robo and 2 adepts is stargate.
At ~3:00 your first ovie should look at the 2nd gateway unit. If both gateway units were adepts you should send it into the main to scout. If the 2nd unit is a stalker keep it alive on the high ground to scout later.

Build:
3:30 is when you would build a spore vs oracle first, 3:50 if phoenix first
3:30 roach warren and double gas if you scout twilight/robo
4-4:30 lair vs robo/twilight
If you have no idea, blind spore the main at 3:30 and build a roach warren by 4:00. You'll have at least 2 queens in the natural to defend an oracle and then you can add spores later if you scout it's DTs.
(4:15 lair and 2 gases, 4:30 roach warren if vs stargate)
4:20 spores vs DTs off of twilight robo
(5:00 4th gas and evo vs stargate)
vs twilight robo, stop drone production by 4:30 to build units. You can get up to 45ish drones safely usually but it's best to play it on the safe side vs potential adept builds.
(vs stargate - 4 gas, +1 missiles, speed, 58 drones, spam roaches and attack when your upgrades finish. Build a 4th base if you float money.)
vs twilight robo - keep building units until you defend their pressure. You can choose to just continue building roaches and do an attack with roach speed or drone up to 52-58 with an evo after confirming they are taking a third and doing a similar push as you would vs stargate.

Time

  • Played on: May 20, 2020, 12:56 a.m.
  • Length: 7:44
Show
View Real Time Build Order
Export as new Build Order

StarGirL Zerg - Winner!

Build Orders: Hatch First 

Get SALT Encoding   

  12  0:02  Drone  
  12  0:12  Overlord  
  12  0:19  Drone  
  12  0:31  Drone x2  
  12  0:49  Hatchery  
  12  0:51  Drone  
  12  0:55  Drone  
  12  0:58  Drone  
  12  1:09  Extractor  
  12  1:13  Spawning Pool  
  12  1:15  Drone  
  12  1:19  Drone  
  12  1:28  Drone  
  12  1:39  Drone  
  12  1:49  Overlord  
  12  2:00  Queen x2  
  12  2:01  Zergling x2  
  12  2:02  Zergling x2  
  12  2:09  Metabolic Boost  
  12  2:11  Drone  
  12  2:12  Drone  
  12  2:22  Drone x2  
  12  2:34  Hatchery  
  12  2:39  Drone  
  12  2:43  Overlord  
  12  2:46  Drone x2  
  12  2:52  Queen  
  12  2:56  Drone  
  12  2:58  Drone  
  12  3:05  Drone  
  12  3:06  Drone  
  12  3:10  Drone x2  
  12  3:12  Overlord  
  12  3:18  Drone x3  
  12  3:28  Drone  
  12  3:29  Queen  
  12  3:36  Spore Crawler, Drone  
  12  3:39  Overlord  
  12  3:41  Drone x4  
  12  3:46  Drone x2  
  12  3:48  Queen  
  12  3:52  Drone  
  12  3:56  Roach Warren  
  12  4:00  Spore Crawler  
  12  4:03  Spore Crawler, Drone  
  12  4:04  Drone x2  
  12  4:09  Drone x3  
  12  4:14  Overlord  
  12  4:15  Overlord  
  12  4:20  Drone x2  
  12  4:23  Lair  
  12  4:26  Drone x2  
  12  4:29  Extractor, Drone x2  
  12  4:31  Extractor, Drone  
  12  4:33  Drone  
  12  4:39  Drone x4  
  12  4:43  Overlord x2  
  12  4:46  Extractor  
  12  4:47  Drone  
  12  4:48  Evolution Chamber  
  12  4:51  Drone x4  
  12  5:00  Overlord x3  
  12  5:03  Roach x2  
  12  5:08  Roach  
  12  5:09  Roach  
  12  5:15  Zerg Missile Weapons Level 1, Roach x2  
  12  5:16  Roach  
  12  5:22  Glial Reconstitution  
  12  5:24  Roach x3  
  12  5:27  Roach x2  
  12  5:34  Roach x3  
  12  5:44  Roach x3  
  12  5:45  Roach  
  12  5:46  Overlord, Hatchery  
  12  5:48  Overlord  
  12  6:00  Roach x6  
  12  6:05  Overlord x3  
  12  6:07  Roach  
  12  6:08  Roach  
  12  6:11  Roach  
  12  6:13  Roach  
  12  6:14  Roach  
  12  6:17  Roach x2  
  12  6:24  Roach x4  
  12  6:29  Roach  
  12  6:30  Roach x2  
  12  6:37  Roach x3  
  12  6:41  Zergling x6  
  12  6:47  Zergling x8  
  12  6:50  Zergling x2  
  12  6:54  Overlord  
  12  6:59  Overlord x2  
  12  7:02  Ravager x3  
  12  7:04  Ravager  
  12  7:06  Overlord x2  
  12  7:07  Zergling x4  
  12  7:14  Zergling x12  
  12  7:19  Zergling x8  
  12  7:20  Zergling x2  
  12  7:21  Ravager  
  12  7:22  Ravager  
Tags
 
Add a new tag
Caveats
  • Supply blocks, unpowered buildings, or Contaminate may cause inaccurate times.
  • Supply counts are checked every 10 seconds.